 Dungeon Crawl Stone Soup version 0.28-a0-1286-g6bde065e89 (webtiles) character file.

Game seed: 7905910222010889449

20 Zonian the Gusty (level 2, -1/15 HPs)
             Began as a Tengu Air Elementalist on Dec 27, 2021.
             Was an Initiate of Yredelemnul.
             Succumbed to an adder's poison
             ... on level 2 of the Dungeon.
             The game lasted 00:01:26 (1743 turns).

Zonian the Gusty (Tengu Air Elementalist)           Turns: 1743, Time: 00:01:27

Health: -1/15      AC:  2    Str:  8    XL:     2   Next: 79%
Magic:  3/6        EV: 12    Int: 15    God:    Yredelemnul [......]
Gold:   66         SH:  0    Dex: 14    Spells: 2/5 levels left

rFire   . . .      SeeInvis .   e - +0 short sword
rCold   . . .      Faith    .   (no shield)
rNeg    . . .      Spirit   .   a - +0 robe
rPois   .          Reflect  .   (helmet restricted)
rElec   .          Harm     .   (no cloak)
rCorr   .          Rampage  .   (no gloves)
Will    .....                   (boots unavailable)
Stlth   ++........              (no amulet)
HPRegen 0.05/turn               (no ring)
MPRegen 0.10/turn               (no ring)

@: lethally poisoned (-1 -> -8)
A: beak, talons 3
a: Renounce Religion, Recall Undead Harvest


You were on level 2 of the Dungeon.
You worshipped Yredelemnul.
Yredelemnul was noncommittal.
You visited 1 branch of the dungeon, and saw 2 of its levels.

You collected 66 gold pieces.

Inventory:

Hand Weapons
 e - a +0 short sword (weapon)
Armour
 a - a +0 robe (worn)
 g - a +0 pair of gloves
Scrolls
 c - a scroll of blinking {unknown}
 d - a scroll of immolation {unknown}
 f - a scroll of amnesia {unknown}
 i - a scroll of summoning {unknown}
Potions
 b - a potion of magic {unknown}
 h - 2 potions of cancellation {unknown}
 j - a potion of curing {unknown}


   Skills:
 + Level 2.5 Dodging
 + Level 2.3 Stealth
 + Level 2.2 Spellcasting
 + Level 2.0 Conjurations
 + Level 4.2 Air Magic


You had 2 spell levels left.
You knew the following spells:

 Your Spells              Type           Power      Damage    Failure   Level
a - Shock                 Conj/Air       44%        1d5       6%          1
b - Static Discharge      Conj/Air       11%        N/A       9%          2

Your spell library contained the following spells:

 Spells                   Type           Power      Damage    Failure   Level
 Swiftness                Air            14%        N/A       11%         3
 Airstrike                Air            7%         N/A       36%         4
 Ozocubu's Armour         Ice            1%         N/A       54%         3
 Ozocubu's Refrigeration  Ice            0%         4d5       100%        7


Dungeon Overview and Level Annotations

Branches:
Dungeon (2/15)

Altars:
Yredelemnul


Innate Abilities, Weirdness & Mutations

You have a beak for a mouth.
You have claws for feet.


Message History

You start waiting.
Done waiting.
Unknown command.
Memorise Static Discharge, consuming 2 spell levels and leaving 2?
You start memorising the spell.
You continue memorising. x2
You finish memorising.
Spell assigned to 'b'.
Unknown command.
You swap places.
You open the door.
There is an open door here.
An adder comes into view.
An adder is nearby!
Unknown command.
The zap hits the adder.
The adder is moderately wounded.
The adder hisses angrily.
The zap hits the adder.
The adder is severely wounded.
The zap misses the adder.
Unknown command.
The adder bites you.
You barely miss the adder.
The adder is severely wounded.
The adder bites you.
You hit the adder. Your kick misses the adder.
The adder is almost dead.
The adder bites you.
You are poisoned.
The adder poisons you! The adder bites you.
* * * LOW HITPOINT WARNING * * *
You are more poisoned.
The adder poisons you!
You swap places.
* * * LOW HITPOINT WARNING * * *
You feel sick.
Your kobold zombie hits the adder.
The adder dies!
A black mist starts to gather...
Your Conjurations skill increases to level 2!
You die...
Your body rises from the dead as a mindless zombie.

###################
#........@.Z.Z.....
#.################# #.#
#.# #.# #........(
#######.#####.........
..........#.+.........
########.#.#.#.........
...#.....#.#.#.........


You could see a friendly adder zombie and a friendly kobold zombie.

Vanquished Creatures
  A goblin (D:1)
  A hobgoblin (D:1)
  3 jackals (D:1)
  A quokka (D:2)
  3 kobolds
9 creatures vanquished.

Vanquished Creatures (collateral kills)
  An adder (D:2)
1 creature vanquished.

Vanquished Creatures (others)
  A plant (D:1)
  A withered plant (D:1)
2 creatures vanquished.

Grand Total: 12 creatures vanquished

Notes
Turn   | Place    | Note
-------+----------+-------------------------------------------
     0 | D:1      | Zonian the Tengu Air Elementalist began the quest for the
                  | Orb.
     0 | D:1      | Reached XP level 1. HP: 10/10 MP: 4/4
   236 | D:1      | Found a faded altar of an unknown god.
   375 | D:1      | Prayed at the altar of an unknown god.
   375 | D:1      | Became a worshipper of Yredelemnul the Dark
   375 | D:1      | Reached * piety under Yredelemnul
   679 | D:1      | Reached XP level 2. HP: 9/15 MP: 6/6
  1710 | D:2      | Learned a level 2 spell: Static Discharge
  1743 | D:2      | Succumbed to an adder's poison

Illustrated notes

Levels and vault maps discovered:
D:1:      lightli_arrival_flooded_house, layout_basic,
          shapermc_ecumenical_altar_flowoftime
D:2:      layout_basic

Skill      XL: |  1  2 |
---------------+-------+-----
Conjurations   | 2 |  2.0
Dodging        | |  2.5
Stealth        | |  2.3
Spellcasting   | |  2.2
Air Magic      | |  4.2

Action                   || total
-------------------------++-------
Melee: Short sword       ||    22
       Peck              ||     4
       Kick              ||     3
       Unarmed           ||     2
 Cast: Shock             ||    11
 Stab: Sleeping          ||     1
Armor: Robe              ||     2
Dodge: Dodged            ||    20

Table legend: (Time is in decaauts)
 A = Elapsed time spent in this place.
 B = Non-inter-level travel time spent in this place.
 C = Inter-level travel time spent in this place.
 D = Time resting spent in this place.
 E = Time spent auto-exploring this place.
 F = Levels seen in this place.
 G = Mean time per level.
                   A        B        C        D        E       F      G
               +--------+--------+--------+--------+--------+-----+--------+
         Total |   1752 |   1690 |     62 |    472 |   1088 |   2 |  876.0 |
       Dungeon |   1752 |   1690 |     62 |    472 |   1088 |   2 |  876.0 |
               +--------+--------+--------+--------+--------+-----+--------+

Top non-repeatable levels by time:
     D:1: 1343 daAuts
     D:2: 409 daAuts
